 Dungeon Crawl Stone Soup version 0.26-a0-1060-g086102a3f0 (webtiles) character file.

Game seed: 15020880107953681901

7 tilp the Ruffian (level 2, -4/28 HPs)
             Began as an Ogre Transmuter on Dec 13, 2020.
             Slain by a gnoll
             ... wielding a +0 halberd
              (9 damage)
             ... on level 1 of the Dungeon.
             The game lasted 00:00:44 (217 turns).

tilp the Ruffian (Ogre Transmuter)                   Turns: 217, Time: 00:00:45

Health: -4/28      AC:  3    Str: 13    XL:     2   Next: 0%
Magic:  2/5        EV: 10    Int: 14    God:
Gold:   44         SH:  0    Dex:  9    Spells: 2/5 levels left

rFire    . . .     SeeInvis .     - Unarmed
rCold    . . .     Faith    .   (no shield)
rNeg     . . .     Spirit   .   a - +0 robe
rPois    .         Reflect  .   (helmet currently unavailable)
rElec    .         Harm     .   (no cloak)
rCorr    .         Rampage  .   (gloves unavailable)
Will     .....                  (boots unavailable)
Stlth    +.........             (no amulet)
HPRegen  0.09/turn              (no ring)
MPRegen  0.09/turn              (no ring)

@: appendages, wereblooded
A: large, unfitting armour, horns 2, talons 2, tough skin 1
a: End Transformation


You were on level 1 of the Dungeon.
You had grown temporary horns.
You had grown temporary talons.
You visited 1 branch of the dungeon, and saw 1 of its levels.

You collected 44 gold pieces.

Inventory:

Missiles
 d - 7 boomerangs (quivered)
Armour
 a - a +0 robe (worn)
Jewellery
 b - an uncursed ring of willpower {unknown}
Scrolls
 c - a scroll of identify {unknown}


   Skills:
 + Level 1.7 Fighting
 + Level 1.9 Dodging
 + Level 2.8 Unarmed Combat
 - Level 2.4 Spellcasting
 + Level 1.9 Transmutations


You had 2 spell levels left.
You knew the following spells:

 Your Spells              Type           Power        Failure   Level
a - Beastly Appendage     Tmut           #.....       11%         1
b - Wereblood             Tmut           #.......     16%         2

Your spell library contained the following spells:

 Spells                   Type           Power        Failure   Level
 Spider Form              Tmut/Pois      #.........   41%         3
 Ice Form                 Ice/Tmut       #.......     83%         4
 Blade Hands              Tmut           #.........   96%         5


Dungeon Overview and Level Annotations

Branches:
Dungeon (1/15)

Altars:


Innate Abilities, Weirdness & Mutations

You are too large for most types of armour.
You have tough skin. (AC +1)
You have a pair of horns on your head.
You have razor-sharp toenails.


Message History

The leopard gecko barely misses you. The leopard gecko bites you.
Casting: Beastly Appendage (safe; 11% risk of failure)
Confirm with . or Enter, or press ? or * to list all spells.
Your blood is infused with primal strength.
The leopard gecko bites you.
You closely miss the leopard gecko. The gnoll misses you.
The leopard gecko bites you.
You completely miss the leopard gecko. You claw the leopard gecko.
The leopard gecko is heavily wounded.
The leopard gecko barely misses you.
The gnoll hits you from afar with a +0 halberd!
Ouch! That really hurt!
* * * LOW HITPOINT WARNING * * *
You hit the leopard gecko but do no damage.
Your kick misses the leopard gecko. Your headbutt misses the leopard gecko.
The leopard gecko is heavily wounded.
The leopard gecko bites you.
* * * LOW HITPOINT WARNING * * *
The gnoll hits you from afar with a +0 halberd!
You die...

#.#########.### #.#.#
#.............# #.#.#
#..#.#.####.#.# #.#.# #..#.#.#
#.#.# #.#.# .#..#.#.# #.#.#
#.#.# .#..#)#.# #.#.# #.#.#
.#..#.#.####.#)### #.#.#
.#..#.#.##.......# #####.#.##
#.#.@..#.##.#......#
........>####.#l####....#...#..#
..............#g..g...###.###..#
#######..###..#####...#.... ..#
# #..# #..# #...#.#.# ## # #..#
#..# #...#.#.# ##
#..###..#####..##.### .####
#..........)........##### ....#
##.###..####.............


You could see a gnoll and a leopard gecko.

Vanquished Creatures
  3 hobgoblins (D:1)
  2 kobolds (D:1)
  A bat (D:1)
6 creatures vanquished.

Notes
Turn   | Place    | Note
-------+----------+-------------------------------------------
     0 | D:1      | tilp the Ogre Transmuter began the quest for the Orb.
     0 | D:1      | Reached XP level 1. HP: 19/19 MP: 3/3
   154 | D:1      | Reached XP level 2. HP: 26/28 MP: 3/5
   157 | D:1      | Learned a level 2 spell: Wereblood
   217 | D:1      | Slain by a gnoll

Illustrated notes

Levels and vault maps discovered:
D:1:      mushboom_english_gardens, layout_basic, minmay_pentomino_u2

Action                   || total
-------------------------++-------
Melee: Unarmed           ||    20
       Kick              ||     5
       Headbutt          ||     3
Throw: Boomerang         ||     2
 Cast: Beastly Appendage ||     6
       Wereblood         ||     1
Armor: Robe              ||     6
Dodge: Dodged            ||     9

Table legend: (Time is in decaauts)
 A = Elapsed time spent in this place.
 B = Non-inter-level travel time spent in this place.
 C = Inter-level travel time spent in this place.
 D = Time resting spent in this place.
 E = Time spent auto-exploring this place.
 F = Levels seen in this place.
 G = Mean time per level.
                   A        B        C        D        E       F      G
               +--------+--------+--------+--------+--------+-----+--------+
         Total |    216 |    216 |      0 |     12 |    134 |   1 |  216.0 |
       Dungeon |    216 |    216 |      0 |     12 |    134 |   1 |  216.0 |
               +--------+--------+--------+--------+--------+-----+--------+

Top non-repeatable levels by time:
     D:1: 216 daAuts
